MapleLeafs vs BlueJackets

Created - January 29 2008 at 19:38

Goals
1 2 3 T
MapleLeafs 1 1 0 2
BlueJackets 1 4 1 6
Shots
1 2 3 T
MapleLeafs 11 11 12 34
BlueJackets 10 12 5 27

Period #1

1. BlueJackets , Mike Grier 9 (Jason Chimera, Steve Rucchin) at 9:16
2. MapleLeafs , Kimmo Timonen 8 (Jeff O'Neill, Simon Gagne) at 9:40

Penalties :
Simon Gagne (TOR) for Roughing (Minor) at 0:37, Mike Grier (CBJ) for Interference (Minor) at 4:59, Teemu Selanne (CBJ) for Roughing (Minor) at 15:07

Period #2

3. BlueJackets , Jason Chimera 9 (Dan Girardi, Steve Rucchin) at 2:26
4. BlueJackets , Vyacheslav Kozlov 16 (Teemu Selanne, Jason Smith) at 11:58 (PP)
5. BlueJackets , Anze Kopitar 12 (Brent Burns, Martin St. Louis) at 12:08
6. MapleLeafs , Ethan Moreau 1 (Simon Gagne) at 13:20
7. BlueJackets , Teemu Selanne 25 (Patrick Marleau, Jason Smith) at 19:49

Penalties :
Stephen Weiss (TOR) for Roughing (Minor) at 3:57, Mike Grier (CBJ) for Tripping (Minor) at 9:20, Fedor Tyutin (TOR) for High sticking (Minor) at 11:48, Kimmo Timonen (TOR) for Roughing (Minor) at 14:46

Period #3

8. BlueJackets , Patrick Marleau 27 (Teemu Selanne, Christian Ehrhoff) at 15:19

Penalties :
Patrick Marleau (CBJ) for Interference (Minor) at 0:40, Brent Burns (CBJ) for Interference (Minor) at 3:29, Paul Ranger (TOR) for Slashing (Minor) at 16:39, Niklas Hagman (TOR) for Holding (Minor) at 19:43

Goalie Stats

Patrick Lalime (TOR), 21 saves from 27 shots - (0.778), L, 0-2-0, 60:00 minutes
Niklas Backstrom (CBJ), 32 saves from 34 shots - (0.941), W, 20-20-4, 60:00 minutes

Players Stats

MapleLeafs
Player Name              G  A  P  +/- PIM S  H  SB FO MP 
-----------------------------------------------------------
Alexander Steen          0  0  0   0  0   0  0  0  0  4  
Alexei Ponikarovsky      0  0  0  -2  0   4  5  0  1  19 
Andreas Lilja            0  0  0  -2  0   1  0  0  0  22 
Blair Jones              0  0  0  -2  0   0  0  0  9  21 
Ethan Moreau             1  0  1   1  0   3  1  0  20 16 
Fedor Tyutin             0  0  0  -2  2   1  1  1  0  18 
Greg Zanon               0  0  0   1  0   0  0  0  0  24 
Ian Laperriere           0  0  0  -2  0   4  3  0  2  20 
Ian White                0  0  0  -2  0   0  2  0  0  15 
Jason Arnott             0  0  0   0  0   2  0  0  3  5  
Jeff O'Neill             0  1  1   1  0   2  1  0  2  17 
Kimmo Timonen            1  0  1   1  2   2  1  0  0  24 
Matt Stajan              0  0  0  -2  0   2  0  2  15 19 
Michael Peca             0  0  0   0  0   0  1  0  8  9  
Niklas Hagman            0  0  0  -2  2   1  1  0  3  16 
Paul Ranger              0  0  0  -2  2   3  0  0  0  22 
Simon Gagne              0  2  2   1  2   5  0  0  1  20 
Stephen Weiss            0  0  0  -2  2   4  2  0  24 18 
BlueJackets
Player Name              G  A  P  +/- PIM S  H  SB FO MP 
-----------------------------------------------------------
Alain Nasreddine         0  0  0   1  0   1  1  0  0  16 
Alexander Svitov         0  0  0   0  0   1  3  0  8  8  
Anze Kopitar             1  0  1   0  0   3  1  0  18 17 
Brent Burns              0  1  1   0  2   0  2  2  0  21 
Christian Ehrhoff        0  1  1   2  0   0  0  1  0  24 
Dan Fritsche             0  0  0   0  0   0  0  0  0  8  
Dan Girardi              0  1  1   1  0   0  1  1  0  18 
Erik Christensen         0  0  0   0  0   0  0  0  0  8  
Fredrik Modin            0  0  0   0  0   1  0  0  0  18 
Jason Chimera            1  1  2   1  0   5  3  0  0  16 
Jason Smith              0  2  2   2  0   1  4  1  0  24 
Martin St. Louis         0  1  1   0  0   2  1  0  12 22 
Mike Grier               1  0  1   1  4   3  1  0  1  16 
Nick Schultz             0  0  0   0  0   1  0  0  0  21 
Patrick Marleau          1  1  2   2  2   2  0  0  19 18 
Steve Rucchin            0  2  2   1  0   2  0  0  20 16 
Teemu Selanne            1  2  3   2  2   4  3  1  8  18 
Vyacheslav Kozlov        1  0  1   2  0   1  2  0  2  19 

3 Stars

1 - Teemu Selanne (CBJ)
2 - Jason Chimera (CBJ)
3 - Jason Smith (CBJ)

Power Play

MapleLeafs - 0 on 5 Attempt(s) - 0.00%
BlueJackets - 1 on 6 Attempt(s) - 16.67%

Penalty Kill

MapleLeafs - 5 on 6 Attempt(s) - 83.33% - Score 0 goal in Penalty Kill
BlueJackets - 5 on 5 Attempt(s) - 100.00% - Score 0 goal in Penalty Kill

Game Notes

No Game Note

Finance

Level 1 -- Attendance: 4541 (75.68%) -- Ticket Income $408,690.00
Level 2 -- Attendance: 3828 (72.91%) -- Ticket Income $191,400.00
Level 3 -- Attendance: 1503 (66.80%) -- Ticket Income $37,575.00
Level 4 -- Attendance: 3782 (94.55%) -- Ticket Income $37,820.00
Luxury Box -- Attendance: 586 (58.60%) -- Ticket Income $117,200.00
Game was played at the Nationwide Arena
Total Attendance: 14240 (76.97%)
Total Ticket Income: $817,151.90
Other Income: $151,602.60
Total Income: $968,755.00


Play by Play

Period #1

0:01 of 1st period - Vyacheslav Kozlov wins face-off versus Ethan Moreau in neutral zone.
0:03 of 1st period - Off-side.
0:04 of 1st period - Patrick Marleau wins face-off versus Stephen Weiss in neutral zone.
0:17 of 1st period - Andreas Lilja is hit by Teemu Selanne and loses puck.
0:30 of 1st period - Shot by Stephen Weiss.
0:30 of 1st period - Shot Misses the Net.
0:32 of 1st period - Shot by Alexei Ponikarovsky.
0:32 of 1st period - Stopped by Niklas Backstrom without a rebound.
0:33 of 1st period - Ethan Moreau wins face-off versus Anze Kopitar in BlueJackets zone.
0:37 of 1st period - Minor Penalty to Simon Gagne for Roughing.
0:38 of 1st period - Anze Kopitar wins face-off versus Michael Peca in BlueJackets zone.
0:38 of 1st period - Anze Kopitar is hit by Michael Peca.
1:08 of 1st period - Shot by Martin St. Louis.
1:08 of 1st period - Shot Misses the Net.
1:10 of 1st period - Shot by Nick Schultz.
1:10 of 1st period - Stopped by Patrick Lalime without a rebound.
1:11 of 1st period - Ian Laperriere wins face-off versus Patrick Marleau in MapleLeafs zone.
1:11 of 1st period - Ian Laperriere is hit by Teemu Selanne.
3:04 of 1st period - Shot by Jason Chimera.
3:04 of 1st period - Stopped by Patrick Lalime without a rebound.
3:05 of 1st period - Matt Stajan wins face-off versus Alexander Svitov in MapleLeafs zone.
3:16 of 1st period - Shot by Erik Christensen.
3:16 of 1st period - Shot Misses the Net.
4:59 of 1st period - Minor Penalty to Mike Grier for Interference.
5:00 of 1st period - Stephen Weiss wins face-off versus Teemu Selanne in MapleLeafs zone.
5:33 of 1st period - Icing by Alexei Ponikarovsky.
5:34 of 1st period - Stephen Weiss wins face-off versus Martin St. Louis in MapleLeafs zone.
6:26 of 1st period - Off-side.
6:27 of 1st period - Stephen Weiss wins face-off versus Martin St. Louis in neutral zone.
6:30 of 1st period - Dan Girardi is hit by Alexei Ponikarovsky and loses puck.
6:37 of 1st period - Shot by Ethan Moreau.
6:37 of 1st period - Shot Blocked by Dan Girardi.
6:39 of 1st period - Shot by Stephen Weiss.
6:39 of 1st period - Shot Hit the Post.
6:43 of 1st period - Shot by Stephen Weiss.
6:43 of 1st period - Shot Blocked by Brent Burns.
6:47 of 1st period - Shot by Alexei Ponikarovsky.
6:47 of 1st period - Stopped by Niklas Backstrom without a rebound.
6:48 of 1st period - Blair Jones wins face-off versus Teemu Selanne in BlueJackets zone.
6:51 of 1st period - Shot by Simon Gagne.
6:51 of 1st period - Shot Misses the Net.
6:53 of 1st period - Shot by Jeff O'Neill.
6:53 of 1st period - Shot Misses the Net.
6:59 of 1st period - Shot by Simon Gagne.
6:59 of 1st period - Stopped by Niklas Backstrom with a rebound.
7:17 of 1st period - Shot by Mike Grier.
7:17 of 1st period - Shot Misses the Net.
7:19 of 1st period - Shot by Alain Nasreddine.
7:19 of 1st period - Shot Blocked by Matt Stajan.
7:21 of 1st period - Shot by Mike Grier.
7:21 of 1st period - Stopped by Patrick Lalime with a rebound.
7:23 of 1st period - Shot by Steve Rucchin.
7:23 of 1st period - Shot Misses the Net.
7:25 of 1st period - Shot by Steve Rucchin.
7:25 of 1st period - Stopped by Patrick Lalime with a rebound.
7:29 of 1st period - Shot by Steve Rucchin.
7:29 of 1st period - Shot Blocked by Matt Stajan.
7:31 of 1st period - Shot by Mike Grier.
7:31 of 1st period - Shot Misses the Net.
7:33 of 1st period - Shot by Steve Rucchin.
7:33 of 1st period - Stopped by Patrick Lalime without a rebound.
7:34 of 1st period - Alexander Svitov wins face-off versus Michael Peca in MapleLeafs zone.
7:51 of 1st period - Shot by Dan Fritsche.
7:51 of 1st period - Shot Misses the Net.
8:32 of 1st period - Ian Laperriere is hit by Brent Burns and loses puck.
8:49 of 1st period - Shot by Fredrik Modin.
8:49 of 1st period - Shot Blocked by Fedor Tyutin.
9:00 of 1st period - Icing by Nick Schultz.
9:01 of 1st period - Anze Kopitar wins face-off versus Stephen Weiss in BlueJackets zone.
9:16 of 1st period - Shot by Mike Grier.
9:16 of 1st period - Goal by Mike Grier - MapleLeafs : 0 - BlueJackets : 1.
9:17 of 1st period - Steve Rucchin wins face-off versus Ethan Moreau in neutral zone.
9:32 of 1st period - Shot by Jason Chimera.
9:32 of 1st period - Stopped by Patrick Lalime with a rebound.
9:38 of 1st period - Shot by Simon Gagne.
9:38 of 1st period - Deflect By Jeff O'Neill.
9:38 of 1st period - Stopped by Niklas Backstrom with a rebound.
9:40 of 1st period - Shot by Kimmo Timonen.
9:40 of 1st period - Goal by Kimmo Timonen - MapleLeafs : 1 - BlueJackets : 1.
9:41 of 1st period - Stephen Weiss wins face-off versus Patrick Marleau in neutral zone.
10:17 of 1st period - Icing by Blair Jones.
10:18 of 1st period - Stephen Weiss wins face-off versus Steve Rucchin in MapleLeafs zone.
10:32 of 1st period - Off-side.
10:33 of 1st period - Matt Stajan wins face-off versus Anze Kopitar in neutral zone.
10:42 of 1st period - Shot by Niklas Hagman.
10:42 of 1st period - Stopped by Niklas Backstrom without a rebound.
10:43 of 1st period - Ethan Moreau wins face-off versus Anze Kopitar in BlueJackets zone.
10:53 of 1st period - Shot by Simon Gagne.
10:53 of 1st period - Stopped by Niklas Backstrom without a rebound.
10:54 of 1st period - Ian Laperriere wins face-off versus Mike Grier in BlueJackets zone.
11:50 of 1st period - Shot by Teemu Selanne.
11:50 of 1st period - Stopped by Patrick Lalime without a rebound.
11:51 of 1st period - Anze Kopitar wins face-off versus Ethan Moreau in MapleLeafs zone.
12:18 of 1st period - Shot by Anze Kopitar.
12:18 of 1st period - Shot Misses the Net.
12:24 of 1st period - Shot by Martin St. Louis.
12:24 of 1st period - Stopped by Patrick Lalime without a rebound.
12:25 of 1st period - Stephen Weiss wins face-off versus Patrick Marleau in MapleLeafs zone.
12:56 of 1st period - Shot by Stephen Weiss.
12:56 of 1st period - Stopped by Niklas Backstrom with a rebound.
12:58 of 1st period - Shot by Alexei Ponikarovsky.
12:58 of 1st period - Shot Misses the Net.
13:28 of 1st period - Shot by Simon Gagne.
13:28 of 1st period - Stopped by Niklas Backstrom without a rebound.
13:29 of 1st period - Anze Kopitar wins face-off versus Niklas Hagman in BlueJackets zone.
13:29 of 1st period - Anze Kopitar is hit by Niklas Hagman.
14:11 of 1st period - Shot by Martin St. Louis.
14:11 of 1st period - Deflect By Anze Kopitar.
14:11 of 1st period - Stopped by Patrick Lalime without a rebound.
14:12 of 1st period - Ethan Moreau wins face-off versus Steve Rucchin in MapleLeafs zone.
14:12 of 1st period - Ethan Moreau is hit by Jason Chimera.
14:41 of 1st period - Icing by Steve Rucchin.
14:42 of 1st period - Steve Rucchin wins face-off versus Stephen Weiss in BlueJackets zone.
14:42 of 1st period - Steve Rucchin is hit by Alexei Ponikarovsky.
15:07 of 1st period - Minor Penalty to Teemu Selanne for Roughing.
15:08 of 1st period - Martin St. Louis wins face-off versus Blair Jones in MapleLeafs zone.
16:56 of 1st period - Shot by Kimmo Timonen.
16:56 of 1st period - Shot Misses the Net.
16:58 of 1st period - Shot by Kimmo Timonen.
16:58 of 1st period - Stopped by Niklas Backstrom without a rebound.
16:59 of 1st period - Stephen Weiss wins face-off versus Martin St. Louis in BlueJackets zone.
17:09 of 1st period - Stephen Weiss is hit by Dan Girardi and loses puck.
19:02 of 1st period - Shot by Teemu Selanne.
19:02 of 1st period - Shot Misses the Net.
19:22 of 1st period - Shot by Alexei Ponikarovsky.
19:22 of 1st period - Stopped by Niklas Backstrom without a rebound.
19:23 of 1st period - Steve Rucchin wins face-off versus Matt Stajan in BlueJackets zone.
19:33 of 1st period - Ian White is hit by Jason Chimera and loses puck.
19:55 of 1st period - Niklas Hagman is hit by Alain Nasreddine and loses puck.

Period #2

0:01 of 2nd period - Teemu Selanne wins face-off versus Ethan Moreau in neutral zone.
0:34 of 2nd period - Shot by Teemu Selanne.
0:34 of 2nd period - Stopped by Patrick Lalime without a rebound.
0:35 of 2nd period - Anze Kopitar wins face-off versus Stephen Weiss in MapleLeafs zone.
1:26 of 2nd period - Shot by Ian Laperriere.
1:26 of 2nd period - Stopped by Niklas Backstrom without a rebound.
1:27 of 2nd period - Matt Stajan wins face-off versus Steve Rucchin in BlueJackets zone.
1:32 of 2nd period - Shot by Ian Laperriere.
1:32 of 2nd period - Stopped by Niklas Backstrom without a rebound.
1:33 of 2nd period - Ethan Moreau wins face-off versus Vyacheslav Kozlov in BlueJackets zone.
1:55 of 2nd period - Shot by Patrick Marleau.
1:55 of 2nd period - Stopped by Patrick Lalime without a rebound.
1:56 of 2nd period - Steve Rucchin wins face-off versus Matt Stajan in MapleLeafs zone.
2:20 of 2nd period - Shot by Jason Chimera.
2:20 of 2nd period - Stopped by Patrick Lalime with a rebound.
2:22 of 2nd period - Shot by Steve Rucchin.
2:22 of 2nd period - Shot Hit the Post.
2:26 of 2nd period - Shot by Jason Chimera.
2:26 of 2nd period - Goal by Jason Chimera - MapleLeafs : 1 - BlueJackets : 2.
2:27 of 2nd period - Michael Peca wins face-off versus Patrick Marleau in neutral zone.
2:29 of 2nd period - Off-side.
2:30 of 2nd period - Patrick Marleau wins face-off versus Ethan Moreau in neutral zone.
2:59 of 2nd period - Shot by Simon Gagne.
2:59 of 2nd period - Stopped by Niklas Backstrom without a rebound.
3:00 of 2nd period - Blair Jones wins face-off versus Anze Kopitar in BlueJackets zone.
3:02 of 2nd period - Stephen Weiss is hit by Brent Burns and loses puck.
3:05 of 2nd period - Shot by Alexei Ponikarovsky.
3:05 of 2nd period - Deflect By Stephen Weiss.
3:05 of 2nd period - Stopped by Niklas Backstrom without a rebound.
3:06 of 2nd period - Matt Stajan wins face-off versus Steve Rucchin in BlueJackets zone.
3:14 of 2nd period - Icing by Dan Girardi.
3:15 of 2nd period - Steve Rucchin wins face-off versus Stephen Weiss in BlueJackets zone.
3:57 of 2nd period - Minor Penalty to Stephen Weiss for Roughing.
3:58 of 2nd period - Patrick Marleau wins face-off versus Michael Peca in neutral zone.
4:28 of 2nd period - Icing by Vyacheslav Kozlov.
4:29 of 2nd period - Patrick Marleau wins face-off versus Blair Jones in BlueJackets zone.
6:42 of 2nd period - Off-side.
6:43 of 2nd period - Ethan Moreau wins face-off versus Alexander Svitov in neutral zone.
7:12 of 2nd period - Jeff O'Neill is hit by Jason Smith and loses puck.
7:42 of 2nd period - Stephen Weiss is hit by Jason Smith and loses puck.
8:33 of 2nd period - Shot by Fredrik Modin.
8:33 of 2nd period - Stopped by Patrick Lalime without a rebound.
8:34 of 2nd period - Ethan Moreau wins face-off versus Steve Rucchin in MapleLeafs zone.
8:34 of 2nd period - Ethan Moreau is hit by Jason Chimera.
8:37 of 2nd period - Icing by Kimmo Timonen.
8:38 of 2nd period - Ethan Moreau wins face-off versus Steve Rucchin in MapleLeafs zone.
9:18 of 2nd period - Simon Gagne is hit by Mike Grier and loses puck.
9:20 of 2nd period - Minor Penalty to Mike Grier for Tripping.
9:21 of 2nd period - Martin St. Louis wins face-off versus Stephen Weiss in neutral zone.
9:44 of 2nd period - Shot by Paul Ranger.
9:44 of 2nd period - Stopped by Niklas Backstrom without a rebound.
9:45 of 2nd period - Martin St. Louis wins face-off versus Stephen Weiss in BlueJackets zone.
9:55 of 2nd period - Shot by Andreas Lilja.
9:55 of 2nd period - Stopped by Niklas Backstrom without a rebound.
9:56 of 2nd period - Jason Arnott wins face-off versus Martin St. Louis in BlueJackets zone.
9:57 of 2nd period - Shot by Kimmo Timonen.
9:57 of 2nd period - Shot Misses the Net.
10:22 of 2nd period - Icing by Jason Arnott.
10:23 of 2nd period - Teemu Selanne wins face-off versus Jason Arnott in MapleLeafs zone.
11:20 of 2nd period - Shot by Alexei Ponikarovsky.
11:20 of 2nd period - Shot Misses the Net.
11:46 of 2nd period - Dan Girardi is hit by Ian White and loses puck.
11:48 of 2nd period - Minor Penalty to Fedor Tyutin for High sticking.
11:49 of 2nd period - Patrick Marleau wins face-off versus Blair Jones in MapleLeafs zone.
11:54 of 2nd period - Shot by Vyacheslav Kozlov.
11:54 of 2nd period - Shot Misses the Net.
11:56 of 2nd period - Shot by Jason Smith.
11:56 of 2nd period - Shot Misses the Net.
11:58 of 2nd period - Shot by Teemu Selanne.
11:58 of 2nd period - Deflect By Vyacheslav Kozlov.
11:58 of 2nd period - Goal by Vyacheslav Kozlov - MapleLeafs : 1 - BlueJackets : 3.
11:59 of 2nd period - Stephen Weiss wins face-off versus Anze Kopitar in neutral zone.
12:08 of 2nd period - Shot by Anze Kopitar.
12:08 of 2nd period - Goal by Anze Kopitar - MapleLeafs : 1 - BlueJackets : 4.
12:09 of 2nd period - Niklas Hagman wins face-off versus Alexander Svitov in neutral zone.
12:19 of 2nd period - Shot by Ian Laperriere.
12:19 of 2nd period - Stopped by Niklas Backstrom with a rebound.
12:27 of 2nd period - Shot by Ian Laperriere.
12:27 of 2nd period - Shot Misses the Net.
12:44 of 2nd period - Shot by Ian Laperriere.
12:44 of 2nd period - Shot Misses the Net.
13:04 of 2nd period - Fredrik Modin is hit by Alexei Ponikarovsky and loses puck.
13:10 of 2nd period - Icing by Nick Schultz.
13:11 of 2nd period - Anze Kopitar wins face-off versus Jeff O'Neill in BlueJackets zone.
13:11 of 2nd period - Martin St. Louis is hit by Jeff O'Neill and loses puck.
13:18 of 2nd period - Shot by Simon Gagne.
13:18 of 2nd period - Shot Blocked by Brent Burns.
13:20 of 2nd period - Shot by Ethan Moreau.
13:20 of 2nd period - Goal by Ethan Moreau - MapleLeafs : 2 - BlueJackets : 4.
13:21 of 2nd period - Ethan Moreau wins face-off versus Steve Rucchin in neutral zone.
13:40 of 2nd period - Shot by Jeff O'Neill.
13:40 of 2nd period - Stopped by Niklas Backstrom without a rebound.
13:41 of 2nd period - Anze Kopitar wins face-off versus Stephen Weiss in BlueJackets zone.
14:11 of 2nd period - Shot by Martin St. Louis.
14:11 of 2nd period - Stopped by Patrick Lalime without a rebound.
14:12 of 2nd period - Steve Rucchin wins face-off versus Matt Stajan in MapleLeafs zone.
14:23 of 2nd period - Off-side.
14:24 of 2nd period - Patrick Marleau wins face-off versus Ethan Moreau in neutral zone.
14:35 of 2nd period - Shot by Patrick Marleau.
14:35 of 2nd period - Shot Misses the Net.
14:38 of 2nd period - Vyacheslav Kozlov is hit by Kimmo Timonen and loses puck.
14:46 of 2nd period - Minor Penalty to Kimmo Timonen for Roughing.
14:47 of 2nd period - Blair Jones wins face-off versus Martin St. Louis in MapleLeafs zone.
14:47 of 2nd period - Blair Jones is hit by Martin St. Louis.
16:12 of 2nd period - Shot by Vyacheslav Kozlov.
16:12 of 2nd period - Shot Misses the Net.
16:14 of 2nd period - Shot by Jason Smith.
16:14 of 2nd period - Shot Misses the Net.
16:16 of 2nd period - Shot by Jason Smith.
16:16 of 2nd period - Stopped by Patrick Lalime without a rebound.
16:17 of 2nd period - Anze Kopitar wins face-off versus Michael Peca in MapleLeafs zone.
16:52 of 2nd period - Icing by Dan Girardi.
16:53 of 2nd period - Ethan Moreau wins face-off versus Steve Rucchin in BlueJackets zone.
17:04 of 2nd period - Shot by Simon Gagne.
17:04 of 2nd period - Deflect By Jeff O'Neill.
17:04 of 2nd period - Shot Misses the Net.
17:08 of 2nd period - Shot by Simon Gagne.
17:08 of 2nd period - Shot Misses the Net.
17:10 of 2nd period - Shot by Simon Gagne.
17:10 of 2nd period - Shot Misses the Net.
17:14 of 2nd period - Shot by Simon Gagne.
17:14 of 2nd period - Stopped by Niklas Backstrom with a rebound.
17:18 of 2nd period - Shot by Simon Gagne.
17:18 of 2nd period - Deflect By Ethan Moreau.
17:18 of 2nd period - Stopped by Niklas Backstrom without a rebound.
17:19 of 2nd period - Patrick Marleau wins face-off versus Matt Stajan in BlueJackets zone.
17:23 of 2nd period - Vyacheslav Kozlov is hit by Ian Laperriere and loses puck.
17:57 of 2nd period - Icing by Niklas Hagman.
17:58 of 2nd period - Steve Rucchin wins face-off versus Matt Stajan in MapleLeafs zone.
18:03 of 2nd period - Shot by Mike Grier.
18:03 of 2nd period - Stopped by Patrick Lalime with a rebound.
18:16 of 2nd period - Icing by Alain Nasreddine.
18:17 of 2nd period - Steve Rucchin wins face-off versus Stephen Weiss in BlueJackets zone.
18:26 of 2nd period - Icing by Alexei Ponikarovsky.
18:27 of 2nd period - Alexei Ponikarovsky wins face-off versus Anze Kopitar in MapleLeafs zone.
18:41 of 2nd period - Fredrik Modin is hit by Stephen Weiss and loses puck.
19:10 of 2nd period - Shot by Anze Kopitar.
19:10 of 2nd period - Stopped by Patrick Lalime without a rebound.
19:11 of 2nd period - Simon Gagne wins face-off versus Patrick Marleau in MapleLeafs zone.
19:47 of 2nd period - Shot by Teemu Selanne.
19:47 of 2nd period - Shot Misses the Net.
19:49 of 2nd period - Shot by Teemu Selanne.
19:49 of 2nd period - Goal by Teemu Selanne - MapleLeafs : 2 - BlueJackets : 5.
19:50 of 2nd period - Matt Stajan wins face-off versus Steve Rucchin in neutral zone.

Period #3

0:01 of 3rd period - Ethan Moreau wins face-off versus Patrick Marleau in neutral zone.
0:11 of 3rd period - Shot by Simon Gagne.
0:11 of 3rd period - Shot Misses the Net.
0:39 of 3rd period - Greg Zanon is hit by Vyacheslav Kozlov.
0:40 of 3rd period - Minor Penalty to Patrick Marleau for Interference.
0:41 of 3rd period - Martin St. Louis wins face-off versus Stephen Weiss in neutral zone.
1:12 of 3rd period - Shot by Alexei Ponikarovsky.
1:12 of 3rd period - Shot Blocked by Jason Smith.
1:56 of 3rd period - Shot by Jason Arnott.
1:56 of 3rd period - Stopped by Niklas Backstrom without a rebound.
1:57 of 3rd period - Stephen Weiss wins face-off versus Teemu Selanne in BlueJackets zone.
2:36 of 3rd period - Kimmo Timonen is hit by Jason Smith and loses puck.
2:47 of 3rd period - Jason Chimera is hit by Ian Laperriere and loses puck.
2:52 of 3rd period - Shot by Matt Stajan.
2:52 of 3rd period - Stopped by Niklas Backstrom without a rebound.
2:53 of 3rd period - Matt Stajan wins face-off versus Steve Rucchin in BlueJackets zone.
2:58 of 3rd period - Shot by Matt Stajan.
2:58 of 3rd period - Stopped by Niklas Backstrom with a rebound.
3:12 of 3rd period - Shot by Steve Rucchin.
3:12 of 3rd period - Shot Misses the Net.
3:14 of 3rd period - Shot by Alain Nasreddine.
3:14 of 3rd period - Stopped by Patrick Lalime without a rebound.
3:15 of 3rd period - Ethan Moreau wins face-off versus Anze Kopitar in MapleLeafs zone.
3:29 of 3rd period - Minor Penalty to Brent Burns for Interference.
3:30 of 3rd period - Blair Jones wins face-off versus Martin St. Louis in BlueJackets zone.
3:59 of 3rd period - Shot by Simon Gagne.
3:59 of 3rd period - Shot Misses the Net.
4:13 of 3rd period - Shot by Paul Ranger.
4:13 of 3rd period - Stopped by Niklas Backstrom without a rebound.
4:14 of 3rd period - Stephen Weiss wins face-off versus Martin St. Louis in BlueJackets zone.
4:41 of 3rd period - Shot by Paul Ranger.
4:41 of 3rd period - Stopped by Niklas Backstrom without a rebound.
4:42 of 3rd period - Jason Arnott wins face-off versus Teemu Selanne in BlueJackets zone.
4:49 of 3rd period - Shot by Jason Arnott.
4:49 of 3rd period - Stopped by Niklas Backstrom without a rebound.
4:50 of 3rd period - Teemu Selanne wins face-off versus Stephen Weiss in BlueJackets zone.
5:03 of 3rd period - Shot by Paul Ranger.
5:03 of 3rd period - Shot Misses the Net.
5:05 of 3rd period - Shot by Alexei Ponikarovsky.
5:05 of 3rd period - Shot Blocked by Teemu Selanne.
5:07 of 3rd period - Shot by Andreas Lilja.
5:07 of 3rd period - Shot Misses the Net.
5:12 of 3rd period - Shot by Alexei Ponikarovsky.
5:12 of 3rd period - Shot Misses the Net.
5:14 of 3rd period - Shot by Ethan Moreau.
5:14 of 3rd period - Stopped by Niklas Backstrom without a rebound.
5:15 of 3rd period - Martin St. Louis wins face-off versus Blair Jones in BlueJackets zone.
5:37 of 3rd period - Icing by Matt Stajan.
5:38 of 3rd period - Alexander Svitov wins face-off versus Niklas Hagman in MapleLeafs zone.
5:39 of 3rd period - Shot by Christian Ehrhoff.
5:39 of 3rd period - Shot Misses the Net.
5:53 of 3rd period - Shot by Ian Laperriere.
5:53 of 3rd period - Shot Misses the Net.
5:55 of 3rd period - Shot by Niklas Hagman.
5:55 of 3rd period - Shot Misses the Net.
6:09 of 3rd period - Shot by Ian Laperriere.
6:09 of 3rd period - Stopped by Niklas Backstrom without a rebound.
6:10 of 3rd period - Anze Kopitar wins face-off versus Michael Peca in BlueJackets zone.
6:30 of 3rd period - Kimmo Timonen is hit by Anze Kopitar and loses puck.
7:34 of 3rd period - Shot by Ian Laperriere.
7:34 of 3rd period - Shot Misses the Net.
8:14 of 3rd period - Shot by Jason Chimera.
8:14 of 3rd period - Stopped by Patrick Lalime with a rebound.
8:46 of 3rd period - Jason Chimera is hit by Alexei Ponikarovsky and loses puck.
9:19 of 3rd period - Shot by Teemu Selanne.
9:19 of 3rd period - Stopped by Patrick Lalime without a rebound.
9:20 of 3rd period - Matt Stajan wins face-off versus Alexander Svitov in MapleLeafs zone.
9:20 of 3rd period - Matt Stajan is hit by Alexander Svitov.
9:29 of 3rd period - Niklas Hagman is hit by Jason Smith and loses puck.
9:50 of 3rd period - Shot by Dan Fritsche.
9:50 of 3rd period - Shot Misses the Net.
9:56 of 3rd period - Shot by Erik Christensen.
9:56 of 3rd period - Deflect By Alexander Svitov.
9:56 of 3rd period - Shot Misses the Net.
9:58 of 3rd period - Shot by Alexander Svitov.
9:58 of 3rd period - Stopped by Patrick Lalime without a rebound.
9:59 of 3rd period - Michael Peca wins face-off versus Patrick Marleau in MapleLeafs zone.
10:36 of 3rd period - Greg Zanon is hit by Vyacheslav Kozlov and loses puck.
11:00 of 3rd period - Martin St. Louis is hit by Ian White and loses puck.
11:11 of 3rd period - Shot by Anze Kopitar.
11:11 of 3rd period - Shot Misses the Net.
11:54 of 3rd period - Icing by Greg Zanon.
11:55 of 3rd period - Ethan Moreau wins face-off versus Alexander Svitov in MapleLeafs zone.
12:11 of 3rd period - Kimmo Timonen is hit by Alexander Svitov and loses puck.
12:23 of 3rd period - Shot by Anze Kopitar.
12:23 of 3rd period - Shot Misses the Net.
12:45 of 3rd period - Icing by Paul Ranger.
12:46 of 3rd period - Stephen Weiss wins face-off versus Patrick Marleau in MapleLeafs zone.
12:51 of 3rd period - Vyacheslav Kozlov is hit by Stephen Weiss and loses puck.
13:10 of 3rd period - Shot by Alexei Ponikarovsky.
13:10 of 3rd period - Shot Blocked by Christian Ehrhoff.
13:12 of 3rd period - Shot by Alexei Ponikarovsky.
13:12 of 3rd period - Stopped by Niklas Backstrom without a rebound.
13:13 of 3rd period - Steve Rucchin wins face-off versus Matt Stajan in BlueJackets zone.
14:07 of 3rd period - Shot by Stephen Weiss.
14:07 of 3rd period - Stopped by Niklas Backstrom without a rebound.
14:08 of 3rd period - Patrick Marleau wins face-off versus Jeff O'Neill in BlueJackets zone.
14:08 of 3rd period - Patrick Marleau is hit by Ethan Moreau.
14:21 of 3rd period - Icing by Kimmo Timonen.
14:22 of 3rd period - Anze Kopitar wins face-off versus Ethan Moreau in MapleLeafs zone.
15:04 of 3rd period - Shot by Stephen Weiss.
15:04 of 3rd period - Stopped by Niklas Backstrom without a rebound.
15:05 of 3rd period - Matt Stajan wins face-off versus Patrick Marleau in BlueJackets zone.
15:09 of 3rd period - Icing by Patrick Marleau.
15:10 of 3rd period - Patrick Marleau wins face-off versus Matt Stajan in BlueJackets zone.
15:19 of 3rd period - Shot by Patrick Marleau.
15:19 of 3rd period - Goal by Patrick Marleau - MapleLeafs : 2 - BlueJackets : 6.
15:20 of 3rd period - Alexander Svitov wins face-off versus Stephen Weiss in neutral zone.
15:35 of 3rd period - Stephen Weiss is hit by Alexander Svitov and loses puck.
16:17 of 3rd period - Icing by Andreas Lilja.
16:18 of 3rd period - Stephen Weiss wins face-off versus Anze Kopitar in MapleLeafs zone.
16:25 of 3rd period - Nick Schultz is hit by Alexei Ponikarovsky.
16:39 of 3rd period - Minor Penalty to Paul Ranger for Slashing.
16:40 of 3rd period - Michael Peca wins face-off versus Patrick Marleau in MapleLeafs zone.
16:45 of 3rd period - Jason Smith is hit by Ian Laperriere and loses puck.
17:03 of 3rd period - Michael Peca is hit by Teemu Selanne and loses puck.
17:37 of 3rd period - Anze Kopitar is hit by Fedor Tyutin and loses puck.
18:59 of 3rd period - Shot by Fedor Tyutin.
18:59 of 3rd period - Stopped by Niklas Backstrom without a rebound.
19:00 of 3rd period - Ethan Moreau wins face-off versus Steve Rucchin in BlueJackets zone.
19:43 of 3rd period - Minor Penalty to Niklas Hagman for Holding.
19:44 of 3rd period - Blair Jones wins face-off versus Teemu Selanne in BlueJackets zone.


Output by the SimonT Hockey Simulator (STHS) for Stephane Roy -- Original Page W3C XHTML 1.0 Valid